 Dungeon Crawl Stone Soup version 0.30-a0-879-ga8ba668304 (webtiles) character file.

Game seed: 9263195754395954245

735 FlurksSlurper the Insei (level 7, -13/50 HPs)
             Began as a Demonspawn Gladiator on Mar 14, 2023.
             Was an Initiate of Vehumet.
             Mangled by an orc warrior
             ... wielding a +1 scimitar of distortion
              (20 damage)
             ... on level 5 of the Dungeon.
             The game lasted 00:11:47 (3686 turns).

FlurksSlurper the Insei (Demonspawn Gladiator)      Turns: 3686, Time: 00:11:48

Health: -13/50     AC:  4    Str: 14    XL:     7   Next: 45%
Magic:  2/10       EV: 13    Int: 12    God:    Vehumet [......]
Gold:   174        SH:  0    Dex: 14    Spells: 9/10 levels left

rFire   . . .      SeeInvis .      - Unarmed
rCold   . . .      Faith    .    (no shield)
rNeg    . . .      Spirit   .    a - +0 leather armour
rPois   .          Reflect  .    t - +1 hat
rElec   .          Rampage  .    u - scarf {repulsion}
rCorr   .                        (no gloves)
Will    .....                    (no boots)
Stlth   ++                       j - amulet of the acrobat
HPRegen 0.28/turn                (no ring)
MPRegen 0.12/turn                (no ring)

@: repel missiles
A: foul stench 2, sturdy frame 2, demonic magic 1, weakness stinger 1
a: Renounce Religion


You were on level 5 of the Dungeon.
You worshipped Vehumet.
Vehumet was noncommittal.
You visited 2 branches of the dungeon, and saw 6 of its levels.

You collected 210 gold pieces.
You spent 36 gold pieces at shops.

Inventory:

Hand Weapons
 b - a +0 war axe
 n - a +4 dagger
 y - the +4 dagger "Noitoow" {heavy, rN+ Will- Str+5 Stlth+}
   (You found it on level 5 of the Dungeon)

   Str:       It affects your strength (+5).
   rN:        It protects you from negative energy.
   Will:      It decreases your willpower.
   Stlth:     It makes you more stealthy.
 z - a +0 dire flail
Missiles
 c - 4 throwing nets (quivered)
 d - 4 javelins
 q - 2 poisoned darts
 w - 4 boomerangs
Armour
 a - a +0 leather armour (worn)
 m - a +0 cloak
 t - a +1 hat (worn)
 u - a scarf of repulsion (worn)
Jewellery
 j - an amulet of the acrobat (around neck)
Scrolls
 e - a scroll of acquirement {unknown}
 h - a scroll of silence {unknown}
 i - 10 scrolls of identify
 k - a scroll of fog {unknown}
 r - 2 scrolls of poison {unknown}
 x - 3 scrolls of teleportation {unknown}
Potions
 f - a potion of flight {unknown}
 g - a potion of attraction {unknown}
 l - 2 potions of berserk rage {unknown}
 o - a potion of brilliance {unknown}
 p - 3 potions of magic {unknown}
 s - 2 potions of curing {unknown}
 v - a potion of resistance {unknown}
 A - a potion of heal wounds {unknown}


   Skills:
 + Level 2.2 Fighting
 + Level 1.9 Throwing
 + Level 1.7 Armour
 + Level 3.8 Dodging
 + Level 1.6 Stealth
 + Level 4.7 Unarmed Combat
 * Level 2.4 Spellcasting
 * Level 2.7 Transmutations
 * Level 2.7 Poison Magic


You had 9 spell levels left.
You knew the following spells:

 Your Spells              Type           Power      Damage    Failure   Level
a - Sting                 Tmut/Pois      32%        1d4       9%          1

Your spell library contained the following spells:

 Spells                   Type           Power      Damage    Failure   Level
 Wereblood                Tmut           8%         N/A       13%         2
 Poisonous Vapours        Pois/Air       8%         N/A       22%         2
 Sublimation of Blood     Necr           1%         N/A       36%         2
 Kindle Blastsparks       Fire/Tloc/Air  2%         2d10      61%         3
 Olgreb's Toxic Radiance  Pois           8%         N/A       63%         4
 Fulminant Prism          Conj/Hex       0%         3d5       95%         4
 Iskenderun's Mystic Bla  Conj/Tloc      1%         2d3       95%         4
 Lee's Rapid Deconstruct  Erth           0%         3d4*      100%        5
 Summon Hydra             Summ           0%         N/A       100%        7


Dungeon Overview and Level Annotations

Branches:
Dungeon (5/15)             Temple (1/1) D:4

Altars:
Ashenzari
Fedhas
Hepliaklqana
Kikubaaqudgha
Nemelex Xobeh
Qazlal
Ru
Vehumet
Wu Jian
Xom

Shops:
D:2 ?=?(

Annotations:
D:4 Menkaure


Innate Abilities, Weirdness & Mutations

You sometimes emit foul miasma when damaged in melee.
Your movements are less encumbered by armour. (ER -4)
Spells you cast may paralyse adjacent enemies.
You have a small tail.


Message History

Press: ? - help, Shift-Dir - straight line, f/p - orc warrior
Aim: an orc warrior, wielding a +1 scimitar of distortion and wearing a +0 chain mail (lightly wounded, very poisoned, 64% to hit)
The sting hits the orc warrior but does no damage.
The orc warrior looks as sick as possible!
The orc warrior is lightly wounded.
Malevolent energies surge around you.
The orc warrior hits you with a +1 scimitar of distortion!
Space warps around you.
Casting: Sting (safe; 9% risk of failure)
Confirm with . or Enter, or press ? or * to list all spells.
Aiming: Sting (safe; 9% risk of failure)
Press: ? - help, Shift-Dir - straight line, f/p - orc warrior
Aim: an orc warrior, wielding a +1 scimitar of distortion and wearing a +0 chain mail (lightly wounded, extremely poisoned, 64% to hit)
The sting hits the orc warrior but does no damage.
The orc warrior looks as sick as possible!
The orc warrior is lightly wounded.
Malevolent energies surge around you. The orc warrior misses you.
The orc warrior attacks as you move away!
The orc warrior completely misses you.
The orc is no longer paralysed.
Casting: Sting (safe; 9% risk of failure)
Confirm with . or Enter, or press ? or * to list all spells.
Aiming: Sting (safe; 9% risk of failure)
Press: ? - help, Shift-Dir - straight line, f/p - orc warrior
Aim: an orc warrior, wielding a +1 scimitar of distortion and wearing a +0 chain mail (moderately wounded, extremely poisoned, 64% to hit)
The sting hits the orc warrior.
The orc warrior looks as sick as possible!
The orc warrior is moderately wounded.
Malevolent energies surge around you.
The orc suddenly stops moving!
The orc warrior closely misses you.
Your magical contamination has completely faded away.
Casting: Sting (safe; 9% risk of failure)
Confirm with . or Enter, or press ? or * to list all spells.
Aiming: Sting (safe; 9% risk of failure)
Press: ? - help, Shift-Dir - straight line, f/p - orc warrior
Aim: an orc warrior, wielding a +1 scimitar of distortion and wearing a +0 chain mail (moderately wounded, extremely poisoned, 64% to hit)
The sting misses the orc warrior.
Malevolent energies surge around you.
The orc warrior hits you with a +1 scimitar of distortion!
* * * LOW HITPOINT WARNING * * *
Space warps horribly around you!!
You die...

...#........# ##
#..#........# ..
..#..#........# # #.#
...#........# .##.#
#.#........# ...#
##...)......# #.###
#)..#.......# #...##
#...#oo.....# #.#..#
#...#@......# #....#
#...#.#+#+###
#....###...#.#.#.#
#).........#.#...#
#####)######......####..
....)...................
.....##.......##'##....
.....##..[........# #..
#######...........#


You could see an orc warrior (extremely poisoned) and an orc (paralysed).

Vanquished Creatures
  Sigmund (D:5)
  Blork the orc (D:4)
  2 scorpions
  2 hounds
  A jelly (D:5)
  A gnoll bouda (D:5)
  An iguana (D:4)
  A sleepcap (D:5)
  Natasha (D:3)
  4 gnolls (D:5)
  6 adders
  An ufetubus (D:4)
  2 worms
  A dart slug (D:4)
  8 orcs
  6 endoplasms
  3 giant cockroaches
  7 goblins
  10 hobgoblins
  9 jackals
  2 quokkas
  11 ball pythons
  6 bats
  A frilled lizard (D:2)
  2 kobolds
  4 rats
94 creatures vanquished.

Notes
Turn   | Place    | Note
-------+----------+-------------------------------------------
     0 | D:1      | FlurksSlurper the Demonspawn Gladiator began the quest for
                  | the Orb.
     0 | D:1      | Reached XP level 1. HP: 16/16 MP: 1/1
   371 | D:1      | Reached skill level 3 in Unarmed Combat
   721 | D:1      | Gained mutation: You may rarely emit foul miasma when
                  | damaged in melee. [demonic ancestry]
   721 | D:1      | Reached XP level 2. HP: 22/22 MP: 2/2
   733 | D:1      | Learned a level 1 spell: Sting
  1159 | D:2      | Reached skill level 1 in Armour
  1159 | D:2      | Gained mutation: Your movements are slightly less
                  | encumbered by armour. (ER -2) [demonic ancestry]
  1159 | D:2      | Reached XP level 3. HP: 20/27 MP: 3/3
  1330 | D:2      | Found Hodwoh's Weapon Boutique.
  1400 | D:2      | Found Lomoesh's Jewellery Shoppe.
  1417 | D:2      | Found Cytzets's Magic Scroll Emporium.
  1448 | D:2      | Identified the +1 leather armour "Ycholuad" {rPois}
  1529 | D:2      | Found a sparkling altar of Nemelex Xobeh.
  1623 | D:2      | Found Zyxisonte's Magic Scroll Shoppe.
  1631 | D:2      | Bought a scroll of noise for 12 gold pieces
  1631 | D:2      | Bought a scroll of identify for 24 gold pieces
  1839 | D:3      | Gained mutation: You sometimes emit foul miasma when
                  | damaged in melee. [demonic ancestry]
  1839 | D:3      | Reached XP level 4. HP: 30/33 MP: 4/4
  2035 | D:3      | Reached skill level 1 in Poison Magic
  2151 | D:3      | Noticed Natasha
  2157 | D:3      | Killed Natasha
  2375 | D:4      | Reached skill level 1 in Spellcasting
  2509 | D:4      | Reached skill level 1 in Transmutations
  2509 | D:4      | Gained mutation: Your movements are less encumbered by
                  | armour. (ER -4) [demonic ancestry]
  2509 | D:4      | Reached XP level 5. HP: 35/38 MP: 2/6
  2724 | D:4      | Noticed Blork the orc
  2725 | D:4      | Found a staircase to the Ecumenical Temple.
  2737 | D:4      | Killed Blork the orc
  2738 | D:4      | Reached skill level 4 in Unarmed Combat
  2744 | Temple   | Entered the Ecumenical Temple
  2879 | Temple   | Became a worshipper of Vehumet
  2940 | D:4      | Gained mutation: Spells you cast may paralyse adjacent
                  | enemies. [demonic ancestry]
  2940 | D:4      | Reached XP level 6. HP: 36/44 MP: 8/8
  3216 | D:4      | Noticed Menkaure
  3232 | D:5      | Entered Level 5 of the Dungeon
  3237 | D:5      | Noticed Sigmund
  3253 | D:5      | Killed Sigmund
  3254 | D:5      | Gained mutation: You have a small tail. [demonic ancestry]
  3254 | D:5      | Reached XP level 7. HP: 50/50 MP: 5/10
  3261 | D:5      | Reached skill level 1 in Stealth
  3328 | D:5      | Identified the +4 dagger "Noitoow" {heavy, rN+ Will- Str+5
                  | Stlth+}
  3686 | D:5      | Mangled by an orc warrior

Illustrated notes

Levels and vault maps discovered:
D:1:      amcnicky_arrival_double_pillar, layout_basic
D:2:      layout_rooms, serial_shops, nicolae_shop_statue_plus,
          nicolae_shop_crystal, shop, shop, basic_altar,
          kennysheep_another_room, corexii_leaking_fountain
D:3:      layout_rooms, minmay_misc_feat_roman, minmay_between, uniq_natasha
D:4:      layout_rooms, temple_doors_e, uniq_blork_the_orc, uniq_menkaure
D:5:      layout_basic, nicolae_gozag_seed_capital,
          mainiacjoe_overflow_brackets, uniq_sigmund, uniq_pikel
Temple:   dshaligram_water_room_temple

Skill      XL: |  1  2  3  4  5  6  7 |
---------------+----------------------+-----
Unarmed Combat | 3 4 |  4.7
Armour         | 1 |  1.7
Poison Magic   | 1 2 |  2.7
Spellcasting   | 1 2 |  2.4
Transmutations | 1 2 |  2.7
Dodging        | 3 |  3.8
Stealth        | 1 |  1.6
Fighting       | |  2.2
Throwing       | |  1.9

Action                     |  1- 3 |  4- 6 |  7- 9 || total
---------------------------+-------+-------+-------++-------
  Melee: Unarmed           |   156 |   163 |    45 ||   364
         Punch             |     6 |     3 |     3 ||    12
         Tailslap          |       |       |     9 ||     9
  Throw: Dart              |       |     2 |       ||     2
   Cast: Sting             |     4 |    25 |    28 ||    57
    Use: Scroll            |       |     1 |       ||     1
   Stab: Sleeping          |     1 |       |       ||     1
         Paralysed         |       |     5 |    18 ||    23
 Armour: Leather armour    |    60 |    30 |     7 ||    97
  Dodge: Dodged            |   141 |   114 |    33 ||   288
         Repelled          |       |     2 |       ||     2

Table legend: (Time is in decaauts)
 A = Elapsed time spent in this place.
 B = Non-inter-level travel time spent in this place.
 C = Inter-level travel time spent in this place.
 D = Time resting spent in this place.
 E = Time spent auto-exploring this place.
 F = Levels seen in this place.
 G = Mean time per level.
                   A        B        C        D        E       F      G
               +--------+--------+--------+--------+--------+-----+--------+
         Total |   3667 |   3580 |     87 |    116 |   2400 |   6 |  611.2 |
       Dungeon |   3513 |   3426 |     87 |    116 |   2322 |   5 |  702.6 |
        Temple |    154 |    154 |      0 |      0 |     78 |   1 |  154.0 |
               +--------+--------+--------+--------+--------+-----+--------+

Top non-repeatable levels by time:
     D:1: 1067 daAuts
     D:4: 709 daAuts
     D:3: 666 daAuts
     D:2: 620 daAuts
     D:5: 449 daAuts
  Temple: 154 daAuts
